Map: Triton LE

Players

Temper - Winner!

  • Race: Zerg Zerg
  • League: Master
  • Spawn Location: 11:00

A.I. 2 (Very Easy)

  • Race: Terran Terran
  • Spawn Location: 5:00

VOD

Have the link to the VOD?

Description

Time

  • Played on: Oct. 30, 2019, 11:09 a.m.
  • Length: 8:36
Show
View Real Time Build Order
Export as new Build Order

Temper Zerg - Winner!

Build Orders: Hatch First 

Get SALT Encoding   

  12  0:01  Drone  
  13  0:13  Overlord  
  13  0:17  Drone  
  14  0:32  Drone x2  
  16  0:51  Hatchery  
  16  0:53  Drone  
  16  0:55  Drone  
  17  0:58  Drone  
  18  1:10  Extractor  
  17  1:13  Spawning Pool  
  17  1:17  Drone  
  17  1:20  Drone  
  18  1:29  Drone  
  19  1:40  Drone  
  20  1:52  Drone  
  21  2:02  Queen x2  
  21  2:03  Zergling x4  
  27  2:11  Overlord  
  27  2:16  Metabolic Boost  
  27  2:19  Drone  
  28  2:28  Hatchery  
  27  2:31  Drone  
  27  2:36  Drone  
  27  2:37  Drone  
  30  2:42  Drone  
  31  2:47  Queen  
  33  2:53  Drone  
  33  2:55  Overlord  
  34  3:00  Pneumatized Carapace  
  34  3:06  Drone x2  
  36  3:13  Overlord  
  36  3:14  Drone  
  36  3:15  Drone x2  
  36  3:17  Zergling x2  
  36  3:19  Zergling x2  
  41  3:25  Queen  
  43  3:29  Zergling x2  
  43  3:32  Zergling x2  
  45  3:34  Zergling x2  
  45  3:40  Roach Warren  
  45  3:50  Drone  
  45  3:51  Drone x5  
  45  3:55  Queen  
  51  4:01  Queen  
  55  4:06  Overlord  
  55  4:16  Lair  
  55  4:21  Overlord  
  55  4:22  Drone x2  
  57  4:27  Roach  
  57  4:28  Roach x3  
  65  4:31  Drone  
  66  4:38  Queen  
  66  4:44  Extractor, Drone x7  
  74  4:45  Extractor  
  74  4:46  Drone  
  74  4:52  Overlord x2  
  74  5:00  Evolution Chamber  
  74  5:03  Evolution Chamber  
  74  5:05  Drone  
  74  5:06  Drone  
  74  5:10  Overlord  
  74  5:11  Drone x2  
  74  5:12  Drone x4  
  74  5:13  Drone  
  81  5:26  Extractor, Drone  
  81  5:27  Extractor, Drone x3  
  81  5:28  Drone x3  
  86  5:29  Zerg Missile Weapons Level 1  
  86  5:35  Zerg Ground Armor Level 1  
  86  5:43  Drone x3  
  86  5:45  Drone  
  86  5:47  Extractor, Glial Reconstitution  
  89  5:50  Overlord  
  89  5:53  Drone x3  
  89  5:54  Drone x5  
  97  5:58  Overlord  
  97  6:03  Overseer  
  97  6:12  Roach x4  
  105  6:19  Roach  
  105  6:20  Roach x3  
  105  6:21  Overlord x2  
  113  6:29  Overlord  
  113  6:32  Overseer  
  113  6:40  Roach  
  113  6:41  Roach x7  
  113  6:43  Overlord  
  129  6:47  Queen  
  129  6:49  Hatchery  
  129  6:51  Roach  
  129  6:52  Roach x2  
  129  6:54  Ravager x2  
  138  6:56  Overlord  
  137  7:06  Roach  
  137  7:07  Roach x4  
  137  7:08  Overlord  
  145  7:10  Roach  
  145  7:14  Overlord x2, Ravager  
  146  7:21  Overlord  
  146  7:27  Roach x5  
  156  7:30  Ravager x3  
  156  7:31  Ravager  
  156  7:34  Drone  
  156  7:36  Baneling Nest  
  160  7:37  Drone  
  160  7:38  Drone x3  
  164  7:48  Drone  
  164  7:49  Drone x8  
  173  8:09  Roach x3  
  173  8:10  Roach x6  
  191  8:16  Overlord  
  191  8:18  Extractor x2  
  192  8:29  Hatchery  
Show
View Real Time Build Order
Export as new Build Order

A.I. 2 (Very Easy) Terran 

Build Orders:  

Get SALT Encoding   

  12  0:00  SCV  
  13  0:13  SCV  
  14  0:18  Supply Depot  
  14  0:37  Refinery  
  14  0:42  Barracks  
  14  1:03  Supply Depot  
  14  1:12  SCV  
  15  1:24  SCV  
  16  1:30  Marine  
  17  1:36  SCV  
  18  1:48  Reaper, SCV  
  20  2:00  SCV  
  21  2:12  SCV  
  22  2:25  Orbital Command  
  22  4:32  Marine, SCV  
  22  4:34  Refinery  
  22  4:37  Factory  
  24  4:39  Supply Depot  
  24  5:01  SCV  
  24  5:03  Supply Depot  
  24  5:04  Marine  
  26  5:13  SCV  
  27  5:24  Starport  
  27  5:25  SCV  
  26  5:37  Marine, SCV  
  28  5:49  SCV  
  28  5:55  Barracks Tech Lab  
  28  6:01  Command Center, Starport Tech Lab, SCV  
  29  6:16  Marauder  
  31  6:19  Raven  
  33  7:00  Marine  
  33  7:02  Raven  
  35  7:13  SCV  
  36  7:21  SCV  
  37  7:25  Refinery  
  37  7:28  Refinery, SCV  
  38  7:35  SCV  
  39  7:42  SCV  
  39  7:44  Marine  
  40  7:50  SCV  
  36  7:57  SCV  
  23  8:11  SCV  
  10  8:28  Supply Depot  
Tags
 
League
Master
Matchup
TvZ
Spawn Locations
Cross Positions
Add a new tag
Caveats
  • Supply blocks, unpowered buildings, or Contaminate may cause inaccurate times.
  • Supply counts are checked every 10 seconds.